Avalanche vs Coyotes

Created - 11 décembre 2016 at 19:16

Goals
1 2 3 T
Avalanche 1 2 0 3
Coyotes 2 3 0 5
Shots
1 2 3 T
Avalanche 11 15 13 39
Coyotes 14 12 5 31

1st period

1. Avalanche , Corey Perry 6 (Bryan Little) at 9:54
2. Coyotes , Martin Samuelsson 4 (Maxim Talbot, Anton Stralman) at 13:02
3. Coyotes , Kristopher Letang 3 (Tim Connolly, Ramzi Abid) at 17:26 (PP)

Penalties :
Andrei Kostitsyn (Col) for Hooking (Minor) at 17:08

2nd period

4. Coyotes , Marian Gaborik 6 (Eric Brewer) at 6:31
5. Avalanche , Corey Perry 7 (Bryan Little, Marc Staal) at 11:07
6. Avalanche , Bryan Little 5 (Corey Perry, Andrei Kostitsyn) at 12:09
7. Coyotes , Marian Gaborik 7 (Nazem Kadri) at 12:35 (PP)
8. Coyotes , Tim Connolly 6 (T.J. Oshie, Eric Brewer) at 12:45

Penalties :
Bryan Little (Col) for Tripping (Minor) at 12:33, Andrei Kostitsyn (Col) for Hooking (Minor) at 16:33

3rd period

No Goal

Penalties :
Andrei Kostitsyn (Col) for Slashing (Minor) at 17:57

Goalie Stats

Dan Ellis (Col), 10 saves from 10 shots - (1,000), 27:15 minutes
Semyon Varlamov (Col), 16 saves from 21 shots - (0,762), L, 4-7-2, 32:45 minutes
Ryan Miller (Ari), 36 saves from 39 shots - (0,923), W, 10-5-0, 60:00 minutes

Players Stats for Avalanche

Player Name              G  A  P  +/- PIM S  H  SB GA TA FO     MP     PP MP  PK MP  
------------------------------------------------------------------------------------
Alexander Radulov        0  0  0   0  0   2  1  0  1  0  1/1    17:35   0:00   0:50 
Andrei Kostitsyn         0  1  1   2  6   2  3  1  1  0  0/0    18:19   0:00   0:00 
Brandon Yip              0  0  0  -1  0   3  0  0  0  0  0/0    12:24   0:00   0:24 
Bryan Little             1  2  3   2  2   5  0  0  3  0  9/31   18:18   0:00   0:00 
Chuck Kobasew            0  0  0  -1  0   1  0  1  0  0  0/0    10:58   0:00   2:23 
Corey Perry              2  1  3   2  0   4  2  0  1  0  0/0    18:19   0:00   0:00 
David Krejci             0  0  0  -1  0   2  0  0  0  0  0/1     9:22   0:00   0:47 
Jack Johnson             0  0  0   1  0   2  1  3  1  0  0/0    25:02   0:00   2:52 
Jay Bouwmeester          0  0  0   0  0   3  2  0  0  1  0/0    16:29   0:00   0:00 
Johnny Boychuk           0  0  0  -1  0   1  1  0  0  2  0/0    17:03   0:00   0:00 
Marc Staal               0  1  1   1  0   0  0  0  2  1  0/0    25:02   0:00   2:52 
Mike Comrie              0  0  0  -1  0   3  0  0  0  0  6/11   14:23   0:00   2:20 
Mikkel Boedker           0  0  0   0  0   3  0  0  2  0  0/1    16:45   0:00   0:00 
Paul Stastny             0  0  0   0  0   2  0  0  1  0  6/15   16:45   0:00   0:00 
Pernell Karl Subban      0  0  0  -1  0   2  2  1  0  1  0/0    18:29   0:00   1:26 
Ryan Smyth               0  0  0  -1  0   3  1  0  0  0  1/1    13:42   0:00   1:42 
Shane O'Brien            0  0  0   0  0   1  1  0  0  1  0/0    17:55   0:00   1:26 
Ville Leino              0  0  0  -1  0   0  0  0  0  0  0/0     8:48   0:00   0:10 

Players Stats for Coyotes

Player Name              G  A  P  +/- PIM S  H  SB GA TA FO     MP     PP MP  PK MP  
------------------------------------------------------------------------------------
Anton Stralman           0  1  1  -1  0   0  1  0  0  1  0/0    20:31   1:53   0:00 
Denis Arkhipov           0  0  0   0  0   0  0  0  1  0  0/0     9:29   0:18   0:00 
Eric Brewer              0  2  2   2  0   0  1  2  0  2  0/0    17:15   0:00   0:00 
Georges Laraque          0  0  0   0  0   1  3  0  0  0  0/1    16:36   1:34   0:00 
Josh Gorges              0  0  0  -1  0   0  2  1  0  1  0/0    22:14   2:25   0:00 
Kristopher Letang        1  0  1  -1  0   4  1  2  0  1  0/0    22:14   2:25   0:00 
Kyle Okposo              0  0  0   2  0   5  1  0  1  0  1/2    18:30   1:37   0:00 
Marian Gaborik           2  0  2  -1  0   7  3  0  0  2  2/5    19:51   1:56   0:00 
Martin Samuelsson        1  0  1   0  0   4  2  0  1  0  0/1    15:54   0:51   0:00 
Maxim Talbot             0  1  1   0  0   1  0  2  0  0  6/9    13:24   0:00   0:00 
Mike Leclerc             0  0  0   0  0   1  0  0  0  1  0/0     9:56   0:01   0:00 
Nazem Kadri              0  1  1  -2  0   1  0  0  1  2  14/21  17:51   2:07   0:00 
Ramzi Abid               0  1  1   0  0   0  1  0  0  0  1/1     4:54   0:18   0:00 
Ryan Whitney             0  0  0  -1  0   0  0  3  0  0  0/0    20:31   1:53   0:00 
T.J. Oshie               0  1  1   1  0   2  2  0  1  1  1/1    17:45   0:36   0:00 
Tim Connolly             1  1  2   2  0   4  1  0  1  1  13/20  18:33   1:41   0:00 
Toni Lydman              0  0  0   2  0   0  0  3  0  0  0/0    17:15   0:00   0:00 
Tyler Ennis              0  0  0  -2  0   1  1  0  0  0  0/0    17:17   1:55   0:00 

3 Stars

1 - Corey Perry (Col)
2 - Tim Connolly (Ari)
3 - Marian Gaborik (Ari)

Power Play

Avalanche - 0 on 0 Attempt(s) - 0,00%
Coyotes - 2 on 4 Attempt(s) - 50,00%

Penalty Kill

Avalanche - 2 on 4 Attempt(s) - 50,00% - Score 0 goal in Penalty Kill
Coyotes - 0 on 0 Attempt(s) - 0,00% - Score 0 goal in Penalty Kill

Team Stat

Avalanche - Hits : 14 - Faceoff Wins : 23 - Blocked Shots : 6 - Penalty Minutes : 8
Coyotes - Hits : 19 - Faceoff Wins : 38 - Blocked Shots : 13 - Penalty Minutes : 0

Official

Referees : Dwyer Gord and O'Rourke Dan
Linesman : Lonnie Cameron and Tim Nowak

Game Notes

Ramzi Abid is injured at 17:50 of 1st period (Strained Left Elbow)
Dan Ellis enters game at 12:45 of 2nd period

Finance

Level 1 -- Attendance: 6000 (100,00%) -- Ticket Income 510 000 $
Level 2 -- Attendance: 5000 (100,00%) -- Ticket Income 240 000 $
Level 3 -- Attendance: 1806 (90,30%) -- Ticket Income 57 792 $
Level 4 -- Attendance: 4000 (100,00%) -- Ticket Income 84 000 $
Luxury Box -- Attendance: 966 (96,60%) -- Ticket Income 152 628 $
Game was played at the The Pack Center.
Total Attendance: 17772 (98,73%)
Total Ticket Income: 1 044 420 $
Other Income: 156 663 $
Total Income: 1 201 083 $

Avalanche

5 vs 5 Forward 
   Center                   Left Wing                Right Wing               Time % Phy DF OF 
 1 Bryan Little             Andrei Kostitsyn         Corey Perry              40     1   2  2  
 2 Paul Stastny             Mikkel Boedker           Alexander Radulov        30     1   2  2  
 3 Mike Comrie              Ryan Smyth               Brandon Yip              20     1   2  2  
 4 David Krejci             Ville Leino              Chuck Kobasew            10     1   2  2  

5 vs 5 Defense 
   Defense                  Defense                                           Time % Phy DF OF 
 1 Marc Staal               Jack Johnson                                      40     1   2  2  
 2 Shane O'Brien            Jay Bouwmeester                                   30     1   2  2  
 3 Pernell Karl Subban      Johnny Boychuk                                    30     1   2  2  
 4 Marc Staal               Jack Johnson                                      0      1   2  2  

PowerPlay Forward 
   Center                   Left Wing                Right Wing               Time % Phy DF OF 
 1 Bryan Little             Andrei Kostitsyn         Corey Perry              60     1   2  2  
 2 Paul Stastny             Mikkel Boedker           Alexander Radulov        40     1   2  2  

PowerPlay Defense
   Defense                  Defense                                           Time % Phy DF OF 
 1 Jay Bouwmeester          Johnny Boychuk                                    60     1   2  2  
 2 Marc Staal               Pernell Karl Subban                               40     1   2  2  

Penalty Kill 4 Players Forward 
   Center                   Wing                     Time % Phy DF OF 
 1 Mike Comrie              Chuck Kobasew            60     1   2  2  
 2 Brandon Yip              Ryan Smyth               40     1   2  2  

Penalty Kill 4 Players Defense
   Defense                  Defense                  Time % Phy DF OF 
 1 Marc Staal               Jack Johnson             60     1   2  2  
 2 Pernell Karl Subban      Shane O'Brien            40     1   2  2  

Penalty Kill - 3 Players Forward 
   Forward                                           Time % Phy DF OF 
 1 Mike Comrie                                       60     1   2  2  
 2 Chuck Kobasew                                     40     1   2  2  

Penalty Kill - 3 Players Defense
   Defense                  Defense                  Time % Phy DF OF 
 1 Pernell Karl Subban      Marc Staal               60     1   2  2  
 2 Shane O'Brien            Jack Johnson             40     1   2  2  

4 vs 4 Forward 
   Center                   Wing                     Time % Phy DF OF 
 1 Corey Perry              Andrei Kostitsyn         60     1   2  2  
 2 Mikkel Boedker           Bryan Little             40     1   2  2  

4 vs 4 Defense
   Defense                  Defense                  Time % Phy DF OF 
 1 Marc Staal               Jack Johnson             60     1   2  2  
 2 Shane O'Brien            Jay Bouwmeester          40     1   2  2  

Last Minutes Offensive
   Center                   Left Wing                Right Wing               Defense                  Defense                  
   Bryan Little             Andrei Kostitsyn         Corey Perry              Marc Staal               Jack Johnson             

Last Minutes Defensive
   Center                   Left Wing                Right Wing               Defense                  Defense                  
   Mike Comrie              Mikkel Boedker           Chuck Kobasew            Marc Staal               Jack Johnson             

Goaltenders
Starting : Semyon Varlamov          
Backup : Dan Ellis                

Extra Forwards
Normal : Corey Perry, Paul Stastny, Alexander Radulov - PP : Corey Perry, Paul Stastny - PK : Alexander Radulov
Extra Defensemen
Normal : Pernell Karl Subban, Marc Staal, Shane O'Brien - PP : Pernell Karl Subban - PK : Jack Johnson, Shane O'Brien
Penalty Shots
Corey Perry, Andrei Kostitsyn, Mikkel Boedker, Bryan Little, Mike Comrie

Coyotes

5 vs 5 Forward 
   Center                   Left Wing                Right Wing               Time % Phy DF OF 
 1 Nazem Kadri              Tyler Ennis              Marian Gaborik           32     0   2  3  
 2 Tim Connolly             Ramzi Abid               Kyle Okposo              30     0   2  3  
 3 Maxim Talbot             Martin Samuelsson        Georges Laraque          24     1   2  2  
 4 Denis Arkhipov           Mike Leclerc             T.J. Oshie               14     0   2  3  

5 vs 5 Defense 
   Defense                  Defense                                           Time % Phy DF OF 
 1 Kristopher Letang        Josh Gorges                                       36     0   3  2  
 2 Ryan Whitney             Anton Stralman                                    34     0   3  2  
 3 Eric Brewer              Toni Lydman                                       30     1   3  1  
 4 Kristopher Letang        Eric Brewer                                       0      1   3  1  

PowerPlay Forward 
   Center                   Left Wing                Right Wing               Time % Phy DF OF 
 1 Nazem Kadri              Tyler Ennis              Marian Gaborik           50     0   0  5  
 2 Tim Connolly             Ramzi Abid               Kyle Okposo              50     0   0  5  

PowerPlay Defense
   Defense                  Defense                                           Time % Phy DF OF 
 1 Kristopher Letang        Josh Gorges                                       55     0   1  4  
 2 Ryan Whitney             Anton Stralman                                    45     0   1  4  

Penalty Kill 4 Players Forward 
   Center                   Wing                     Time % Phy DF OF 
 1 Martin Samuelsson        Mike Leclerc             60     0   4  1  
 2 Maxim Talbot             Georges Laraque          40     0   4  1  

Penalty Kill 4 Players Defense
   Defense                  Defense                  Time % Phy DF OF 
 1 Toni Lydman              Eric Brewer              60     1   4  0  
 2 Anton Stralman           Josh Gorges              40     1   4  0  

Penalty Kill - 3 Players Forward 
   Forward                                           Time % Phy DF OF 
 1 Mike Leclerc                                      60     1   4  0  
 2 Martin Samuelsson                                 40     0   5  0  

Penalty Kill - 3 Players Defense
   Defense                  Defense                  Time % Phy DF OF 
 1 Toni Lydman              Eric Brewer              60     0   5  0  
 2 Josh Gorges              Anton Stralman           40     0   5  0  

4 vs 4 Forward 
   Center                   Wing                     Time % Phy DF OF 
 1 Tim Connolly             Tyler Ennis              60     0   2  3  
 2 Nazem Kadri              Marian Gaborik           40     0   2  3  

4 vs 4 Defense
   Defense                  Defense                  Time % Phy DF OF 
 1 Kristopher Letang        Josh Gorges              60     1   3  1  
 2 Ryan Whitney             Anton Stralman           40     1   3  1  

Last Minutes Offensive
   Center                   Left Wing                Right Wing               Defense                  Defense                  
   Nazem Kadri              Tyler Ennis              Marian Gaborik           Kristopher Letang        Ryan Whitney             

Last Minutes Defensive
   Center                   Left Wing                Right Wing               Defense                  Defense                  
   Maxim Talbot             Martin Samuelsson        Georges Laraque          Eric Brewer              Toni Lydman              

Goaltenders
Starting : Ryan Miller              
Backup : Mathieu Garon            

Extra Forwards
Normal : T.J. Oshie, Marian Gaborik, Georges Laraque - PP : Georges Laraque, T.J. Oshie - PK : Tim Connolly
Extra Defensemen
Normal : Eric Brewer, Kristopher Letang, Toni Lydman - PP : Eric Brewer - PK : Kristopher Letang, Ryan Whitney
Penalty Shots
Tyler Ennis, Marian Gaborik, Tim Connolly, Ryan Whitney, Maxim Talbot

% Time on Ice - Avalanche

Lines # - Real PCT - Wanted PCT - Time Play
Normal Forward
1 - 33% - 40% - 18:22
2 - 30% - 30% - 16:45
3 - 22% - 20% - 12:00
4 - 15% - 10% - 8:35
Normal Defense
1 - 40% - 40% - 22:10
2 - 30% - 30% - 16:29
3 - 31% - 30% - 17:03
4 - 0% - 0% - 0:00
PP Forward
1 - 0% - 60%
2 - 0% - 40%
PP Defense
1 - 0% - 60%
2 - 0% - 40%
PK Forward
1 - 91% - 60% - 3:54
2 - 9% - 40% - 0:24
PK Defense
1 - 67% - 60% - 2:52
2 - 33% - 40% - 1:26
PK3 Forward
1 - 0% - 60%
2 - 0% - 40%
PK3 Defense
1 - 0% - 60%
2 - 0% - 40%
44 Forward
1 - 0% - 60%
2 - 0% - 40%
44 Defense
1 - 0% - 60%
2 - 0% - 40%
Last Minute Offensive  - 0:00
Last Minute Defensive  - 0:00
Total
Forward - 60:00
Defense - 60:00

% Time on Ice - Coyotes

Lines # - Real PCT - Wanted PCT - Time Play
Normal Forward
1 - 28% - 32% - 15:22
2 - 32% - 30% - 18:04
3 - 24% - 24% - 13:24
4 - 16% - 14% - 8:52
Normal Defense
1 - 36% - 36% - 19:49
2 - 33% - 34% - 18:38
3 - 31% - 30% - 17:15
4 - 0% - 0% - 0:00
PP Forward
1 - 45% - 50% - 1:55
2 - 55% - 50% - 2:23
PP Defense
1 - 56% - 55% - 2:25
2 - 44% - 45% - 1:53
PK Forward
1 - 0% - 60%
2 - 0% - 40%
PK Defense
1 - 0% - 60%
2 - 0% - 40%
PK3 Forward
1 - 0% - 60%
2 - 0% - 40%
PK3 Defense
1 - 0% - 60%
2 - 0% - 40%
44 Forward
1 - 0% - 60%
2 - 0% - 40%
44 Defense
1 - 0% - 60%
2 - 0% - 40%
Last Minute Offensive  - 0:00
Last Minute Defensive  - 0:00
Total
Forward - 60:00
Defense - 60:00

Play by Play

1st period


0:01 of 1st period - Bryan Little wins face-off versus Marian Gaborik in neutral zone.
0:26 of 1st period - Marc Staal is hit by Ramzi Abid and loses puck.
0:33 of 1st period - Wrist shot by Kyle Okposo.
0:33 of 1st period - Stopped by Semyon Varlamov without a rebound.
0:34 of 1st period - Maxim Talbot wins face-off versus Mike Comrie in Avalanche zone.
0:37 of 1st period - Slapshot by Martin Samuelsson.
0:37 of 1st period - Stopped by Semyon Varlamov without a rebound.
0:38 of 1st period - Mike Comrie wins face-off versus Maxim Talbot in Avalanche zone.
0:38 of 1st period - Mike Comrie is hit by Georges Laraque.
1:37 of 1st period - Snap shot by Bryan Little.
1:37 of 1st period - Stopped by Ryan Miller without a rebound.
1:38 of 1st period - Paul Stastny wins face-off versus Nazem Kadri in Coyotes zone.
1:43 of 1st period - Slapshot by Alexander Radulov.
1:43 of 1st period - Stopped by Ryan Miller without a rebound.
1:44 of 1st period - Paul Stastny wins face-off versus Nazem Kadri in Coyotes zone.
1:47 of 1st period - Snap shot by Paul Stastny.
1:47 of 1st period - Shot Misses the Net.
1:49 of 1st period - Slapshot by Pernell Karl Subban.
1:49 of 1st period - Stopped by Ryan Miller with a rebound.
1:51 of 1st period - Slapshot by Johnny Boychuk.
1:51 of 1st period - Shot Blocked by Eric Brewer.
2:37 of 1st period - Slapshot by Nazem Kadri.
2:37 of 1st period - Stopped by Semyon Varlamov without a rebound.
2:38 of 1st period - Bryan Little wins face-off versus Kyle Okposo in Avalanche zone.
3:28 of 1st period - Mike Leclerc is hit by Jay Bouwmeester.
3:48 of 1st period - Jay Bouwmeester is hit by Anton Stralman and loses puck.
3:53 of 1st period - Wrist shot by Kyle Okposo.
3:53 of 1st period - Stopped by Semyon Varlamov with a rebound.
4:40 of 1st period - Snap shot by Denis Arkhipov.
4:40 of 1st period - Deflect By Mike Leclerc.
4:40 of 1st period - Stopped by Semyon Varlamov with a rebound.
5:08 of 1st period - Snap shot by Tim Connolly.
5:08 of 1st period - Stopped by Semyon Varlamov without a rebound.
5:09 of 1st period - Tim Connolly wins face-off versus Paul Stastny in Avalanche zone.
5:15 of 1st period - Icing by Mikkel Boedker.
5:16 of 1st period - Ramzi Abid wins face-off versus Paul Stastny in Avalanche zone.
5:23 of 1st period - Johnny Boychuk is hit by Kyle Okposo.
5:41 of 1st period - Snap shot by Kyle Okposo.
5:41 of 1st period - Stopped by Semyon Varlamov with a rebound.
6:02 of 1st period - Snap shot by Mikkel Boedker.
6:02 of 1st period - Shot Misses the Net.
6:04 of 1st period - Wrist shot by Mikkel Boedker.
6:04 of 1st period - Shot Blocked by Kristopher Letang.
6:06 of 1st period - Slapshot by Johnny Boychuk.
6:06 of 1st period - Stopped by Ryan Miller with a rebound.
6:08 of 1st period - Snap shot by Alexander Radulov.
6:08 of 1st period - Shot Blocked by Josh Gorges.
6:10 of 1st period - Snap shot by Alexander Radulov.
6:10 of 1st period - Stopped by Ryan Miller without a rebound.
6:11 of 1st period - Maxim Talbot wins face-off versus Bryan Little in Coyotes zone.
6:26 of 1st period - Slapshot by Georges Laraque.
6:26 of 1st period - Stopped by Semyon Varlamov with a rebound.
7:07 of 1st period - Icing by Shane O'Brien.
7:08 of 1st period - Maxim Talbot wins face-off versus David Krejci in Avalanche zone.
7:17 of 1st period - Wrist shot by David Krejci.
7:17 of 1st period - Stopped by Ryan Miller without a rebound.
7:18 of 1st period - Maxim Talbot wins face-off versus Bryan Little in Coyotes zone.
7:55 of 1st period - Slapshot by Tyler Ennis.
7:55 of 1st period - Shot Blocked by Jack Johnson.
8:06 of 1st period - Off-side.
8:07 of 1st period - Paul Stastny wins face-off versus Tim Connolly in neutral zone.
8:20 of 1st period - Mikkel Boedker is hit by Tim Connolly and loses puck.
8:55 of 1st period - Snap shot by Bryan Little.
8:55 of 1st period - Shot Blocked by Maxim Talbot.
9:48 of 1st period - Snap shot by Bryan Little.
9:48 of 1st period - Stopped by Ryan Miller without a rebound.
9:49 of 1st period - Bryan Little wins face-off versus Nazem Kadri in Coyotes zone.
9:54 of 1st period - Snap shot by Corey Perry.
9:54 of 1st period - Goal by Corey Perry - Avalanche : 1 - Coyotes : 0.
9:55 of 1st period - Bryan Little wins face-off versus Nazem Kadri in neutral zone.
10:12 of 1st period - Wrist shot by Bryan Little.
10:12 of 1st period - Deflect By Ryan Whitney.
10:12 of 1st period - Shot Blocked by Ryan Whitney.
10:12 of 1st period - Puck is out of play.
10:13 of 1st period - Tim Connolly wins face-off versus Paul Stastny in Coyotes zone.
10:13 of 1st period - Tim Connolly is hit by Alexander Radulov.
10:51 of 1st period - Marc Staal is hit by Josh Gorges and loses puck.
11:16 of 1st period - Icing by Ryan Whitney.
11:17 of 1st period - Mike Comrie wins face-off versus Georges Laraque in Coyotes zone.
11:55 of 1st period - Wrist shot by David Krejci.
11:55 of 1st period - Stopped by Ryan Miller with a rebound.
12:00 of 1st period - Ryan Whitney is hit by Pernell Karl Subban.
12:04 of 1st period - Slapshot by Georges Laraque.
12:04 of 1st period - Shot Misses the Net.
12:06 of 1st period - Slapshot by Maxim Talbot.
12:06 of 1st period - Shot Misses the Net.
13:02 of 1st period - Snap shot by Martin Samuelsson.
13:02 of 1st period - Goal by Martin Samuelsson - Avalanche : 1 - Coyotes : 1.
13:03 of 1st period - Tim Connolly wins face-off versus Bryan Little in neutral zone.
13:03 of 1st period - Kyle Okposo is hit by Corey Perry and loses puck.
13:38 of 1st period - Wrist shot by Marian Gaborik.
13:38 of 1st period - Stopped by Semyon Varlamov with a rebound.
13:40 of 1st period - Snap shot by Kristopher Letang.
13:40 of 1st period - Stopped by Semyon Varlamov with a rebound.
13:42 of 1st period - Slapshot by Kristopher Letang.
13:42 of 1st period - Stopped by Semyon Varlamov with a rebound.
13:58 of 1st period - Wrist shot by T.J. Oshie.
13:58 of 1st period - Stopped by Semyon Varlamov without a rebound.
13:59 of 1st period - T.J. Oshie wins face-off versus Mike Comrie in Avalanche zone.
14:46 of 1st period - T.J. Oshie is hit by Ryan Smyth.
14:56 of 1st period - Wrist shot by Brandon Yip.
14:56 of 1st period - Shot Blocked by Ryan Whitney.
15:22 of 1st period - Slapshot by Ryan Smyth.
15:22 of 1st period - Deflect By Brandon Yip.
15:22 of 1st period - Shot Misses the Net.
15:22 of 1st period - Puck is out of play.
15:23 of 1st period - Tim Connolly wins face-off versus Bryan Little in Coyotes zone.
15:50 of 1st period - Off-side.
15:51 of 1st period - Nazem Kadri wins face-off versus Paul Stastny in neutral zone.
16:09 of 1st period - Tyler Ennis is hit by Johnny Boychuk and loses puck.
16:45 of 1st period - Slapshot by Mikkel Boedker.
16:45 of 1st period - Stopped by Ryan Miller without a rebound.
16:46 of 1st period - Bryan Little wins face-off versus Tim Connolly in Coyotes zone.
16:58 of 1st period - Backhand shot by Corey Perry.
16:58 of 1st period - Shot Blocked by Kristopher Letang.
17:08 of 1st period - Minor Penalty to Andrei Kostitsyn for Hooking.
17:09 of 1st period - Mike Comrie wins face-off versus Tim Connolly in Avalanche zone.
17:20 of 1st period - Wrist shot by Kyle Okposo.
17:20 of 1st period - Shot Blocked by Chuck Kobasew.
17:24 of 1st period - Snap shot by Tim Connolly.
17:24 of 1st period - Shot Misses the Net.
17:26 of 1st period - Slapshot by Kristopher Letang.
17:26 of 1st period - Goal by Kristopher Letang - Avalanche : 1 - Coyotes : 2.
17:27 of 1st period - Tim Connolly wins face-off versus Bryan Little in neutral zone.
17:34 of 1st period - Backhand shot by Kristopher Letang.
17:34 of 1st period - Shot Misses the Net.
17:49 of 1st period - Ramzi Abid is hit by Andrei Kostitsyn and loses puck.
17:50 of 1st period - Ramzi Abid from Coyotes is injured at 17:50 of 1st period (Strained Left Elbow).
17:51 of 1st period - Nazem Kadri wins face-off versus Bryan Little in Coyotes zone.
18:05 of 1st period - Off-side.
18:06 of 1st period - Bryan Little wins face-off versus Tim Connolly in neutral zone.
18:09 of 1st period - Snap shot by Jack Johnson.
18:09 of 1st period - Stopped by Ryan Miller with a rebound.
18:56 of 1st period - Snap shot by Mike Comrie.
18:56 of 1st period - Shot Blocked by Toni Lydman.
Goals for this period are 1 for Avalanche vs 2 for Coyotes.
Shots for this period are 11 for Avalanche vs 14 for Coyotes.

2nd period


0:01 of 2nd period - Nazem Kadri wins face-off versus Bryan Little in neutral zone.
0:52 of 2nd period - Slapshot by Pernell Karl Subban.
0:52 of 2nd period - Stopped by Ryan Miller with a rebound.
0:54 of 2nd period - Snap shot by Mike Comrie.
0:54 of 2nd period - Stopped by Ryan Miller without a rebound.
0:55 of 2nd period - Mike Comrie wins face-off versus Maxim Talbot in Coyotes zone.
0:58 of 2nd period - Wrist shot by Ryan Smyth.
0:58 of 2nd period - Stopped by Ryan Miller without a rebound.
0:59 of 2nd period - Nazem Kadri wins face-off versus Bryan Little in Coyotes zone.
0:59 of 2nd period - Nazem Kadri is hit by Shane O'Brien.
1:09 of 2nd period - Snap shot by Bryan Little.
1:09 of 2nd period - Shot Misses the Net.
1:11 of 2nd period - Slapshot by Shane O'Brien.
1:11 of 2nd period - Stopped by Ryan Miller without a rebound.
1:12 of 2nd period - Nazem Kadri wins face-off versus Bryan Little in Coyotes zone.
1:39 of 2nd period - Bryan Little is hit by Kristopher Letang and loses puck.
2:20 of 2nd period - Wrist shot by Martin Samuelsson.
2:20 of 2nd period - Stopped by Semyon Varlamov with a rebound.
2:42 of 2nd period - Wrist shot by Bryan Little.
2:42 of 2nd period - Stopped by Ryan Miller without a rebound.
2:43 of 2nd period - Tim Connolly wins face-off versus Paul Stastny in Coyotes zone.
2:54 of 2nd period - Wrist shot by Kyle Okposo.
2:54 of 2nd period - Shot Misses the Net.
3:28 of 2nd period - Wrist shot by Ville Leino.
3:28 of 2nd period - Shot Blocked by Toni Lydman.
4:29 of 2nd period - Johnny Boychuk is hit by Eric Brewer and loses puck.
5:49 of 2nd period - Icing by Jack Johnson.
5:50 of 2nd period - Paul Stastny wins face-off versus Marian Gaborik in Avalanche zone.
5:57 of 2nd period - Snap shot by Tyler Ennis.
5:57 of 2nd period - Shot Misses the Net.
6:31 of 2nd period - Slapshot by Marian Gaborik.
6:31 of 2nd period - Goal by Marian Gaborik - Avalanche : 1 - Coyotes : 3.
6:32 of 2nd period - Tim Connolly wins face-off versus Bryan Little in neutral zone.
6:45 of 2nd period - Snap shot by Tim Connolly.
6:45 of 2nd period - Shot Blocked by Andrei Kostitsyn.
7:17 of 2nd period - Icing by Marc Staal.
7:18 of 2nd period - Paul Stastny wins face-off versus Nazem Kadri in Avalanche zone.
7:45 of 2nd period - Snap shot by Ryan Smyth.
7:45 of 2nd period - Stopped by Ryan Miller with a rebound.
7:47 of 2nd period - Wrist shot by Brandon Yip.
7:47 of 2nd period - Shot Blocked by Eric Brewer.
7:49 of 2nd period - Slapshot by Marc Staal.
7:49 of 2nd period - Deflect By Brandon Yip.
7:49 of 2nd period - Stopped by Ryan Miller with a rebound.
7:51 of 2nd period - Slapshot by Brandon Yip.
7:51 of 2nd period - Shot Misses the Net.
7:53 of 2nd period - Snap shot by Brandon Yip.
7:53 of 2nd period - Stopped by Ryan Miller with a rebound.
7:55 of 2nd period - Backhand shot by Brandon Yip.
7:55 of 2nd period - Stopped by Ryan Miller with a rebound.
8:25 of 2nd period - Eric Brewer is hit by Andrei Kostitsyn and loses puck.
9:19 of 2nd period - Jack Johnson is hit by Georges Laraque and loses puck.
9:52 of 2nd period - Andrei Kostitsyn is hit by Marian Gaborik and loses puck.
10:09 of 2nd period - Wrist shot by Paul Stastny.
10:09 of 2nd period - Stopped by Ryan Miller with a rebound.
10:41 of 2nd period - Snap shot by Jack Johnson.
10:41 of 2nd period - Stopped by Ryan Miller with a rebound.
11:05 of 2nd period - Snap shot by Bryan Little.
11:05 of 2nd period - Stopped by Ryan Miller with a rebound.
11:07 of 2nd period - Slapshot by Bryan Little.
11:07 of 2nd period - Deflect By Corey Perry.
11:07 of 2nd period - Goal by Corey Perry - Avalanche : 2 - Coyotes : 3.
11:08 of 2nd period - Nazem Kadri wins face-off versus Bryan Little in neutral zone.
11:43 of 2nd period - Pernell Karl Subban is hit by Josh Gorges and loses puck.
11:54 of 2nd period - Wrist shot by Maxim Talbot.
11:54 of 2nd period - Deflect By Paul Stastny.
11:54 of 2nd period - Stopped by Semyon Varlamov with a rebound.
11:56 of 2nd period - Snap shot by Martin Samuelsson.
11:56 of 2nd period - Stopped by Semyon Varlamov without a rebound.
11:57 of 2nd period - Bryan Little wins face-off versus Martin Samuelsson in Avalanche zone.
11:57 of 2nd period - Bryan Little is hit by Martin Samuelsson.
12:09 of 2nd period - Wrist shot by Bryan Little.
12:09 of 2nd period - Goal by Bryan Little - Avalanche : 3 - Coyotes : 3.
12:10 of 2nd period - Nazem Kadri wins face-off versus Bryan Little in neutral zone.
12:19 of 2nd period - Snap shot by Tyler Ennis.
12:19 of 2nd period - Shot Misses the Net.
12:27 of 2nd period - Wrist shot by Marian Gaborik.
12:27 of 2nd period - Stopped by Semyon Varlamov with a rebound.
12:33 of 2nd period - Minor Penalty to Bryan Little for Tripping.
12:34 of 2nd period - Nazem Kadri wins face-off versus Mike Comrie in Avalanche zone.
12:35 of 2nd period - Slapshot by Marian Gaborik.
12:35 of 2nd period - Goal by Marian Gaborik - Avalanche : 3 - Coyotes : 4.
12:36 of 2nd period - Tim Connolly wins face-off versus Bryan Little in neutral zone.
12:43 of 2nd period - Slapshot by T.J. Oshie.
12:43 of 2nd period - Shot Misses the Net.
12:45 of 2nd period - Snap shot by Tim Connolly.
12:45 of 2nd period - Goal by Tim Connolly - Avalanche : 3 - Coyotes : 5.
12:45 of 2nd period - Dan Ellis enters game.
12:46 of 2nd period - Nazem Kadri wins face-off versus Bryan Little in neutral zone.
12:59 of 2nd period - Snap shot by Tyler Ennis.
12:59 of 2nd period - Stopped by Dan Ellis without a rebound.
13:00 of 2nd period - Tim Connolly wins face-off versus Paul Stastny in Avalanche zone.
13:09 of 2nd period - Snap shot by Kyle Okposo.
13:09 of 2nd period - Stopped by Dan Ellis without a rebound.
13:10 of 2nd period - Tim Connolly wins face-off versus Paul Stastny in Avalanche zone.
13:47 of 2nd period - Wrist shot by Kyle Okposo.
13:47 of 2nd period - Stopped by Dan Ellis with a rebound.
13:53 of 2nd period - Snap shot by Tim Connolly.
13:53 of 2nd period - Stopped by Dan Ellis with a rebound.
13:55 of 2nd period - Slapshot by Tim Connolly.
13:55 of 2nd period - Shot Misses the Net.
15:09 of 2nd period - Snap shot by Tim Connolly.
15:09 of 2nd period - Stopped by Dan Ellis without a rebound.
15:10 of 2nd period - Nazem Kadri wins face-off versus Bryan Little in Avalanche zone.
16:08 of 2nd period - Snap shot by Jay Bouwmeester.
16:08 of 2nd period - Stopped by Ryan Miller with a rebound.
16:33 of 2nd period - Minor Penalty to Andrei Kostitsyn for Hooking.
16:34 of 2nd period - Nazem Kadri wins face-off versus Mike Comrie in Avalanche zone.
18:11 of 2nd period - Jack Johnson is hit by Martin Samuelsson and loses puck.
18:33 of 2nd period - Penalty to Andrei Kostitsyn is over, Andrei Kostitsyn is back on ice.
18:38 of 2nd period - Shane O'Brien is hit by Georges Laraque and loses puck.
18:54 of 2nd period - Denis Arkhipov is hit by Jay Bouwmeester and loses puck.
19:28 of 2nd period - Snap shot by Bryan Little.
19:28 of 2nd period - Shot Hit the Post.
Goals for this period are 2 for Avalanche vs 3 for Coyotes.
Shots for this period are 15 for Avalanche vs 12 for Coyotes.

3rd period


0:01 of 3rd period - Marian Gaborik wins face-off versus Bryan Little in neutral zone.
0:26 of 3rd period - Maxim Talbot is hit by Jack Johnson and loses puck.
0:55 of 3rd period - Slapshot by Mike Comrie.
0:55 of 3rd period - Stopped by Ryan Miller with a rebound.
1:54 of 3rd period - Snap shot by Maxim Talbot.
1:54 of 3rd period - Shot Misses the Net.
2:28 of 3rd period - Backhand shot by Ryan Smyth.
2:28 of 3rd period - Stopped by Ryan Miller without a rebound.
2:29 of 3rd period - Maxim Talbot wins face-off versus Mike Comrie in Coyotes zone.
2:33 of 3rd period - Off-side.
2:34 of 3rd period - Maxim Talbot wins face-off versus Bryan Little in neutral zone.
2:49 of 3rd period - Snap shot by Corey Perry.
2:49 of 3rd period - Stopped by Ryan Miller with a rebound.
2:51 of 3rd period - Snap shot by Bryan Little.
2:51 of 3rd period - Shot Misses the Net.
3:36 of 3rd period - Snap shot by Kristopher Letang.
3:36 of 3rd period - Stopped by Dan Ellis with a rebound.
3:52 of 3rd period - Snap shot by Corey Perry.
3:52 of 3rd period - Shot Hit the Post.
3:54 of 3rd period - Snap shot by Andrei Kostitsyn.
3:54 of 3rd period - Shot Blocked by Maxim Talbot.
4:00 of 3rd period - Backhand shot by Corey Perry.
4:00 of 3rd period - Stopped by Ryan Miller with a rebound.
4:16 of 3rd period - Snap shot by Ville Leino.
4:16 of 3rd period - Shot Misses the Net.
4:24 of 3rd period - David Krejci is hit by T.J. Oshie and loses puck.
5:58 of 3rd period - Slapshot by Jay Bouwmeester.
5:58 of 3rd period - Stopped by Ryan Miller with a rebound.
6:00 of 3rd period - Snap shot by Mikkel Boedker.
6:00 of 3rd period - Deflect By Alexander Radulov.
6:00 of 3rd period - Shot Misses the Net.
6:00 of 3rd period - Puck is out of play.
6:01 of 3rd period - Alexander Radulov wins face-off versus Tim Connolly in Coyotes zone.
6:02 of 3rd period - Backhand shot by Mikkel Boedker.
6:02 of 3rd period - Stopped by Ryan Miller without a rebound.
6:03 of 3rd period - Paul Stastny wins face-off versus Marian Gaborik in Coyotes zone.
6:06 of 3rd period - Snap shot by Paul Stastny.
6:06 of 3rd period - Stopped by Ryan Miller without a rebound.
6:07 of 3rd period - Tim Connolly wins face-off versus Bryan Little in Coyotes zone.
6:07 of 3rd period - Tim Connolly is hit by Pernell Karl Subban.
6:19 of 3rd period - Wrist shot by Andrei Kostitsyn.
6:19 of 3rd period - Stopped by Ryan Miller without a rebound.
6:20 of 3rd period - Bryan Little wins face-off versus Nazem Kadri in Coyotes zone.
6:25 of 3rd period - Slapshot by Bryan Little.
6:25 of 3rd period - Shot Misses the Net.
6:35 of 3rd period - Wrist shot by Andrei Kostitsyn.
6:35 of 3rd period - Stopped by Ryan Miller with a rebound.
6:37 of 3rd period - Snap shot by Andrei Kostitsyn.
6:37 of 3rd period - Shot Blocked by Ryan Whitney.
6:47 of 3rd period - Paul Stastny is hit by T.J. Oshie and loses puck.
7:39 of 3rd period - Wrist shot by Chuck Kobasew.
7:39 of 3rd period - Stopped by Ryan Miller without a rebound.
7:40 of 3rd period - Nazem Kadri wins face-off versus Bryan Little in Coyotes zone.
7:45 of 3rd period - Corey Perry is hit by Marian Gaborik and loses puck.
7:50 of 3rd period - Snap shot by Marian Gaborik.
7:50 of 3rd period - Stopped by Dan Ellis with a rebound.
7:52 of 3rd period - Snap shot by Marian Gaborik.
7:52 of 3rd period - Stopped by Dan Ellis with a rebound.
7:54 of 3rd period - Wrist shot by Marian Gaborik.
7:54 of 3rd period - Stopped by Dan Ellis without a rebound.
7:55 of 3rd period - Tim Connolly wins face-off versus Paul Stastny in Avalanche zone.
8:00 of 3rd period - Wrist shot by Tim Connolly.
8:00 of 3rd period - Shot Blocked by Pernell Karl Subban.
8:02 of 3rd period - Snap shot by Kyle Okposo.
8:02 of 3rd period - Shot Misses the Net.
8:04 of 3rd period - Snap shot by T.J. Oshie.
8:04 of 3rd period - Stopped by Dan Ellis without a rebound.
8:05 of 3rd period - Tim Connolly wins face-off versus Mikkel Boedker in Avalanche zone.
8:20 of 3rd period - Icing by Paul Stastny.
8:21 of 3rd period - Nazem Kadri wins face-off versus Paul Stastny in Avalanche zone.
9:32 of 3rd period - Snap shot by Anton Stralman.
9:32 of 3rd period - Shot Blocked by Jack Johnson.
9:34 of 3rd period - Slapshot by Anton Stralman.
9:34 of 3rd period - Shot Blocked by Jack Johnson.
12:14 of 3rd period - Icing by Pernell Karl Subban.
12:15 of 3rd period - Ryan Smyth wins face-off versus Maxim Talbot in Avalanche zone.
12:44 of 3rd period - Icing by Brandon Yip.
12:45 of 3rd period - Mike Comrie wins face-off versus Tim Connolly in Avalanche zone.
12:45 of 3rd period - Mike Comrie is hit by Marian Gaborik.
12:59 of 3rd period - Wrist shot by Mike Comrie.
12:59 of 3rd period - Stopped by Ryan Miller without a rebound.
13:00 of 3rd period - Nazem Kadri wins face-off versus Bryan Little in Coyotes zone.
13:05 of 3rd period - Slapshot by Tyler Ennis.
13:05 of 3rd period - Shot Misses the Net.
15:19 of 3rd period - Slapshot by Jay Bouwmeester.
15:19 of 3rd period - Stopped by Ryan Miller with a rebound.
16:27 of 3rd period - Nazem Kadri is hit by Corey Perry and loses puck.
17:09 of 3rd period - Wrist shot by Mikkel Boedker.
17:09 of 3rd period - Deflect By Paul Stastny.
17:09 of 3rd period - Shot Misses the Net.
17:09 of 3rd period - Puck is out of play.
17:10 of 3rd period - Bryan Little wins face-off versus Tim Connolly in Coyotes zone.
17:13 of 3rd period - Wrist shot by Andrei Kostitsyn.
17:13 of 3rd period - Deflect By Corey Perry.
17:13 of 3rd period - Shot Blocked by Toni Lydman.
17:13 of 3rd period - Puck is out of play.
17:14 of 3rd period - Kyle Okposo wins face-off versus Bryan Little in Coyotes zone.
17:14 of 3rd period - Kyle Okposo is hit by Andrei Kostitsyn.
17:46 of 3rd period - Snap shot by Paul Stastny.
17:46 of 3rd period - Deflect By Mikkel Boedker.
17:46 of 3rd period - Stopped by Ryan Miller without a rebound.
17:47 of 3rd period - Marian Gaborik wins face-off versus Bryan Little in Coyotes zone.
17:57 of 3rd period - Minor Penalty to Andrei Kostitsyn for Slashing.
17:58 of 3rd period - Mike Comrie wins face-off versus Nazem Kadri in Avalanche zone.
17:58 of 3rd period - Mike Comrie is hit by Tyler Ennis.
19:57 of 3rd period - Penalty to Andrei Kostitsyn is over, Andrei Kostitsyn is back on ice.
Goals for this period are 0 for Avalanche vs 0 for Coyotes.
Shots for this period are 13 for Avalanche vs 5 for Coyotes.